 Dungeon Crawl Stone Soup version 0.30-a0-177-g1cb5dbfd7a (webtiles) character file.

Game seed: 394274762008458828

253 ytrimaz the Covert (level 6, 0/39 HPs)
             Began as an Octopode Brigand on Oct 3, 2022.
             Succumbed to an adder's poison
             ... on level 4 of the Dungeon.
             The game lasted 00:04:44 (3036 turns).

ytrimaz the Covert (Octopode Brigand)               Turns: 3036, Time: 00:04:45

Health: 0/39       AC:  1    Str: 11    XL:     6   Next: 14%
Magic:  15/15      EV: 12    Int: 13    God:
Gold:   153        SH:  0    Dex: 15    Spells: 3/5 levels left

rFire   . . .      SeeInvis .    l - +2 dagger (venom)
rCold   . . .      Faith    .    (no shield)
rNeg    . . .      Spirit   .    (helmet restricted)
rPois   .          Reflect  .    (no amulet)
rElec   .          Harm     .    d - ring of magical power
rCorr   .          Rampage  .    (no ring)
Will    .....      Clarity  +    (no ring)
Stlth   +++++.....               (no ring)
HPRegen 0.26/turn                (no ring)
MPRegen 0.14/turn                (no ring)
                                 (no ring)
                                 (no ring)

@: mighty, lethally poisoned (0 -> -2), flying, invisible
A: almost no armour, amphibious, 8 rings, camouflage 1, gelatinous body 1,
(nimble swimmer 1), tentacles, clarity, noise suppression
a: no special abilities


You were on level 4 of the Dungeon.
You visited 1 branch of the dungeon, and saw 4 of its levels.

You collected 153 gold pieces.


Innate Abilities, Weirdness & Mutations

You cannot wear most types of armour.
You are amphibious.
You can wear up to eight rings at the same time.
Your skin changes colour to match your surroundings (Stealth+).
Your rubbery body absorbs attacks. (AC +1, EV +1)
((You are camouflaged when in or above water. (Stealth+)))
You have tentacles for arms and can constrict up to eight enemies at once.
You possess an exceptional clarity of mind.
You passively dampen the noise of your surroundings.


   Skills:
 - Level 2.0 Fighting
 - Level 2.0 Short Blades
 - Level 2.0 Throwing
 - Level 1.0 Dodging
 + Level 10.1 Stealth


You had 3 spell levels left.
You knew the following spells:

 Your Spells              Type           Power      Damage    Failure   Level
a - Passwall              Tmut/Erth      0%         N/A       43%         2

Your spell library contained the following spells:

 Spells                   Type           Power      Damage    Failure   Level
 Sandblast                Erth           0%         2d4       30%         1
 Shock                    Conj/Air       0%         1d3       30%         1
 Gell's Gravitas          Tloc           0%         N/A       67%         3
 Lesser Beckoning         Tloc           0%         N/A       67%         3
 Stone Arrow              Conj/Erth      0%         3d7       67%         3
 Swiftness                Air            0%         N/A       67%         3
 Teleport Other           Tloc           0%         N/A       67%         3
 Airstrike                Air            0%         2d(0-16)  97%         4

Inventory:

Hand Weapons
 a - a +3 dagger
 l - a +2 dagger of venom (weapon)
   (You took it off a kobold on level 4 of the Dungeon)
Missiles
 c - 2 curare-tipped darts (quivered)
Jewellery
 d - a ring of magical power (left tentacle)
   (You found it on level 2 of the Dungeon)
Scrolls
 g - 2 scrolls of summoning
 h - a scroll of blinking
Potions
 e - 2 potions of invisibility
 f - a potion of mutation
 i - a potion of flight
 k - a potion of haste {unknown}

Dungeon Overview and Level Annotations

Branches:
Dungeon (4/15) Zot: 20982  Temple (0/1) D:4

Altars:
Zin

# #...(...###(# .#
#...........#
.##.......#####
..##. .............#
.... #.##....####.#
..> #.##.#### #.#
#.. ##.##.#######.#
#.. ##)............#
#..##.#@.#)#########
##.#)..#o.#.#
#.o.........#
#.....o.((...###
#..#########.# #.
#.# #.# .#


You could see an orc priest (unable to see you).


Message History

You hit the orc wizard.
The orc wizard looks as sick as possible!
Your grab misses the orc wizard. You squeeze the orc wizard.
The orc wizard barely misses you.
You closely miss the orc wizard. Your grab misses the orc wizard.
You kill the orc wizard!
Your Stealth skill increases to level 10!
You have reached level 6!
c - a curare-tipped dart
Things that are here:
a +2 dagger of venom; a +0 robe 😎 HP[+5] MP[+1]
You now have 39 max hp (+5).
Your hp is fully restored (39).
Your mp is fully restored (15).
b - a poisoned dart You hear the slow rusting of a very distant drain.
An orc comes into view. It is wielding a +0 hand axe.
The orc moves out of view.
c - 2 curare-tipped darts (gained 1)
An orc is nearby!
An orc is nearby!
An orc is nearby!
You throw a poisoned dart. The poisoned dart hits the orc.
The orc shouts!
An orc priest comes into view. It is wielding a +0 falchion.
An orc comes into view. It is wielding a +0 morningstar.
An adder comes into view.
The orc hits you with a +0 hand axe. 😕 HP[-3]
You take 3 damage, and now have 36/39 hp.
The adder hisses angrily.
The orc shouts!
The orc priest shouts!
You hit the orc.
The orc is poisoned.
Your grab misses the orc. You squeeze the orc.
You kill the orc!
You hear an angry hiss.
Found a staircase to the Ecumenical Temple.
The orc priest looks satisfied for a moment. 😕 HP[+1]
A ball python comes into view.
The ball python moves out of view.
The adder attacks as you move away! The adder barely misses you.
The adder bites you.
The orc priest looks braver for a moment. 😕 HP[-3]
You take 3 damage, and now have 34/39 hp.
You barely miss the adder. Your grab misses the adder.
The adder bites you. 😕 HP[-2]
You take 2 damage, and now have 32/39 hp.
You hit the adder.
The adder is poisoned.
Your grab misses the adder. The adder bites you. 😮 HP[-3]
You take 3 damage, and now have 29/39 hp.
You barely miss the adder. You grab the adder. You constrict the adder.
The adder bites you. 😮 HP[-1]
You take 1 damage, and now have 28/39 hp.
Unknown command.
You hit the adder. You constrict the adder. The adder barely misses you.
The adder bites you.
You are poisoned.
The adder poisons you! 😮 HP[-1]
You take 1 damage, and now have 27/39 hp.
You hit the adder. You squeeze the adder.
You kill the adder!
You feel sick. 😮 HP[-1]
You take 1 damage, and now have 26/39 hp.
You hit the orc.
The orc is poisoned.
You grab the orc. You constrict the orc.
You feel sick. The orc misses you.
The orc priest mumbles some strange prayers to Beogh against you.
Beogh smites you!
* * * LOW HITPOINT WARNING * * *
😨 HP[-13]
You take 13 damage, and now have 13/39 hp.
MASSIVE DAMAGE!! (PAUSE)
You fade into invisibility!
You constrict the orc.
You kill the orc!
You feel sick. 😨 HP[-1]
You take 1 damage, and now have 12/39 hp.
It was a potion of mutation.
You feel extremely strange.
Your thoughts seem clearer.
You feel your surroundings grow quieter.
You feel sick.
The orc priest invokes the aid of Beogh against you.
Beogh smites you!
* * * LOW HITPOINT WARNING * * *
😱 HP[-11]
You take 11 damage, and now have 1/39 hp.
MASSIVE DAMAGE!! (PAUSE) It was a potion of flight.
You feel very buoyant.
You fly up into the air.
* * * LOW HITPOINT WARNING * * *
You feel sick.
It was a potion of might.
You feel very mighty all of a sudden.
You die...

Skill      XL: |  1  2  3  4  5 |
---------------+----------------+-----
Stealth        | 6 7 9 10 | 10.1
Fighting       | |  2.0
Short Blades   | |  2.0
Throwing       | |  2.0
Dodging        | |  1.0

Action                   |  1- 3 |  4- 6 || total
-------------------------+-------+-------++-------
Melee: Dagger            |    51 |    32 ||    83
       Constrict         |    13 |     7 ||    20
       Tentacles         |     9 |     6 ||    15
Throw: Dart              |    36 |    33 ||    69
  Use: Scroll            |     8 |     1 ||     9
       Potion            |       |     4 ||     4
 Stab: Sleeping          |     4 |     2 ||     6
Armor: Skin              |     3 |     2 ||     5
Dodge: Dodged            |    21 |    20 ||    41

Levels and vault maps discovered:
D:1:      dpeg_arrival_round_b, layout_loops_ring
D:2:      layout_basic, basic_altar
D:3:      layout_loops_cross, ebering_dispersal_statue_hall
D:4:      layout_loops_ring, minmay_temple_entry_wispy,
          cheibrodos_sewer_entry_bend

Notes
Turn   | Place    | Note
-------+----------+-------------------------------------------
     0 | D:1      | ytrimaz the Octopode Brigand began the quest for the Orb.
     0 | D:1      | Reached XP level 1. HP: 14/14 MP: 1/1
     0 | D:1      | magus.rc [v1.9.6]
    51 | D:1      | You pick up a book of Air and begin reading...
    51 | D:1      | You add the spells Shock, Swiftness and Airstrike to your
                  | library.
   305 | D:1      | Reached XP level 2. HP: 19/19 MP: 2/2
   315 | D:1      | HP: 2/19 [gnoll/+0 club (9)]
   317 | D:1      | Reached skill level 6 in Stealth
  1201 | D:2      | Reached XP level 3. HP: 21/24 MP: 3/3
  1378 | D:2      | Reached skill level 7 in Stealth
  1566 | D:2      | You pick up a book of Geomancy and begin reading...
  1566 | D:2      | You add the spells Sandblast, Passwall and Stone Arrow to
                  | your library.
  1573 | D:2      | You pick up a book of Displacement and begin reading...
  1573 | D:2      | You add the spells Lesser Beckoning, Gell's Gravitas and
                  | Teleport Other to your library.
  1577 | D:2      | Learned a level 2 spell: Passwall
  1690 | D:2      | Found a glowing silver altar of Zin.
  2116 | D:3      | Reached XP level 4. HP: 24/29 MP: 4/4
  2240 | D:3      | Reached skill level 8 in Stealth
  2262 | D:3      | Noticed an ogre
  2273 | D:3      | Killed an ogre
  2274 | D:3      | Reached skill level 9 in Stealth
  2274 | D:3      | Reached XP level 5. HP: 34/34 MP: 5/5
  2708 | D:3      | HP: 8/34 [poisoned by an adder]
  3008 | D:4      | Reached skill level 10 in Stealth
  3008 | D:4      | Reached XP level 6. HP: 39/39 MP: 6/6
  3022 | D:4      | Found a staircase to the Ecumenical Temple.
  3034 | D:4      | Gained mutation: You possess an exceptional clarity of
                  | mind. [potion of mutation]
  3034 | D:4      | Gained mutation: You passively dampen the noise of your
                  | surroundings. [potion of mutation]
  3034 | D:4      | HP: 1/39 [orc priest/divine providence (10)]
  3036 | D:4      | Succumbed to an adder's poison

Vanquished Creatures
  An ogre (D:3)
  An orc priest (D:3)
  An orc wizard (D:4)
  3 adders
  A gnoll (D:1)
  4 worms
  A dart slug (D:2)
  4 orcs
  3 bats
  4 endoplasms
  4 giant cockroaches
  5 goblins
  3 hobgoblins
  4 jackals (D:3)
  3 quokkas
  3 ball pythons
  2 frilled lizards (D:2)
  6 kobolds
  5 rats
58 creatures vanquished.

Table legend:
 A = Non-vault XP
 B = Vault XP
 C = Vault XP percentage of total XP
 D = Non-vault monster count
 E = Vault monster count
 F = Vault count percentage of total count
                 A         B        C        D         E       F
            +---------+---------+-------+---------+---------+-------
      Total |     362 |       0 |   0.0 |      58 |       0 |   0.0
            +---------+---------+-------+---------+---------+-------
        D:1 |      30 |       0 |   0.0 |      10 |       0 |   0.0
        D:2 |      42 |       0 |   0.0 |      21 |       0 |   0.0
        D:3 |     231 |       0 |   0.0 |      21 |       0 |   0.0
        D:4 |      59 |       0 |   0.0 |       6 |       0 |   0.0
            +---------+---------+-------+---------+---------+-------

Illustrated notes

Table legend:
 A = Kills in this place as a percentage of kills in entire the game.
 B = Kills by you in this place as a percentage of kills by you in the entire game.
 C = Kills by friends in this place as a percentage of kills by friends in the entire game.
 D = Other kills in this place as a percentage of other kills in the entire game.
 E = Experience gained in this place as a percentage of experience gained in the entire game.
 F = Experience gained in this place divided by the number of levels of this place that you have seen.
                   A       B       C       D       E      F
               +-------+-------+-------+-------+-------+----------------------
         Total | 100.0 | 100.0 |   N/A |   N/A | 100.0 |  90.5
       Dungeon | 100.0 | 100.0 |   N/A |   N/A | 100.0 |  90.5
               +-------+-------+-------+-------+-------+----------------------

Table legend: (Time is in decaauts)
 A = Elapsed time spent in this place.
 B = Non-inter-level travel time spent in this place.
 C = Inter-level travel time spent in this place.
 D = Time resting spent in this place.
 E = Time spent auto-exploring this place.
 F = Levels seen in this place.
 G = Mean time per level.
                   A        B        C        D        E       F      G
               +--------+--------+--------+--------+--------+-----+--------+
         Total |   3017 |   2900 |    117 |    100 |   2364 |   4 |  754.2 |
       Dungeon |   3017 |   2900 |    117 |    100 |   2364 |   4 |  754.2 |
               +--------+--------+--------+--------+--------+-----+--------+

Top non-repeatable levels by time:
     D:2: 1086 daAuts
     D:1: 911 daAuts
     D:3: 898 daAuts
     D:4: 122 daAuts
